AoeStats
← QNa_NguaHoang

Oasis

508383378Analyzed
4v4 RM · 9d ago on Sep 22, 2026· 32m 8s· 8 players
Game mode
Random Map
Map size
Large (8 player)
Population
200
Speed
Normal
Resources
Standard
Victory
Conquest
Starting age
Dark Age
Ending age
Imperial Age
RankedLock teamsTeams togetherTeam positionsShared explorationLock speedFull tech treeHidden civsTurbo modeCheats
Victory
Defeat
🇨🇳 Ethiopians · China
1304
+14
🇫🇷 Saracens · France
1278
+15
🇲🇽 Ethiopians · Mexico
1240
+17
🇲🇽 Hindustanis · Mexico
1229
+17
🇨🇳 Spanish · China
1300
-17
🇻🇳 Burmese · Vietnam
1265
-16
🇨🇳 Turks · China
1245
-15
🇻🇳 Magyars · Vietnam
1237
-15
国产男子汉
3:22 Loom
6:42 Loom
12:31 Feudal Age
17:24 Castle Age
16:56 Double-Bit Axe
16:56 Horse Collar
你顶住我发展
11:10 Feudal Age
12:11 Double-Bit Axe
15:01 Castle Age
13:17 Horse Collar
14:00 Loom
16:59 Town Watch
20:01 Husbandry
21:40 Wheelbarrow
21:37 Padded Archer Armor
22:30 Bloodlines
26:09 Hand Cart
26:07 Bow Saw
26:28 Heavy Plow
26:42 Fervor
28:25 Gold Mining
29:18 Leather Archer Armor
29:43 Sanctity
La Apple
9:17 Feudal Age
10:17 Double-Bit Axe
15:41 Horse Collar
20:05 Castle Age
19:00 Scale Barding Armor
19:43 Bloodlines
20:55 Gold Mining
21:52 Loom
27:34 Chain Barding Armor
27:21 Husbandry
26:41 Light Cavalry
27:15 Light Cavalry
QNa_NguaHoang
2:26 Loom
11:27 Feudal Age
12:29 Gold Mining
23:29 Horse Collar
CapitanRexMx
6:08 Loom
9:25 Feudal Age
10:09 Double-Bit Axe
21:32 Fletching
24:06 Wheelbarrow
28:01 Castle Age
26:26 Horse Collar
26:37 Gold Mining
27:05 Padded Archer Armor
28:05 Crossbowman
28:51 Thumb Ring
28:46 Bodkin Arrow
29:06 Leather Archer Armor
31:44 Bow Saw
arky8a
8:15 Loom
10:08 Feudal Age
8:26 Loom
11:33 Double-Bit Axe
15:13 Scale Barding Armor
19:54 Bloodlines
19:56 Forging
19:59 Horse Collar
25:41 Castle Age
24:06 Gold Mining
25:52 Light Cavalry
26:56 Chain Barding Armor
27:13 Iron Casting
27:51 Heavy Plow
30:47 Gold Shaft Mining
El_diouf
6:37 Loom
9:37 Feudal Age
10:07 Double-Bit Axe
12:21 Forging
18:01 Scale Barding Armor
23:06 Castle Age
21:53 Bloodlines
22:13 Horse Collar
23:58 Husbandry
24:45 Wheelbarrow
28:18 Gold Mining
29:38 Sanctity
29:57 Fervor
30:49 Iron Casting
32:26 Chain Barding Armor
JieX
2:37 Loom
9:04 Feudal Age
13:09 Fletching
18:31 Double-Bit Axe
23:21 Castle Age
23:11 Padded Archer Armor
23:24 Crossbowman
24:03 Bodkin Arrow
24:41 Horse Collar
27:56 Gold Mining
28:33 Ballistics
28:53 Bow Saw
Connection lost

Rejoining the realm…

Still unreachable

The connection could not be restored.

Session expired

The server has moved on; the page needs a fresh start.